 Dungeon Crawl Stone Soup version 0.31-a0-940-gdaa99269f9 (webtiles) character file.

Game seed: 12157230529041507137

612 promet the Trooper (level 6, -1/67 HPs)
             Began as an Ogre Wanderer on Oct 20, 2023.
             Was a Believer of Ru.
             Slain by an iguana (4 damage)
             ... on level 5 of the Dungeon.
             The game lasted 00:36:29 (6225 turns).

promet the Trooper (Ogre Wanderer)                  Turns: 6225, Time: 00:36:30

Health: -1/67      AC:  4    Str: 20    XL:     6   Next: 44%
Magic:  6/6        EV: 10    Int: 10    God:    Ru [**....]
Gold:   203        SH:  0    Dex:  8    Spells: 5/5 levels left

rFire   + . .        l - +4 spear
rCold   + . .        (no shield)
rNeg    . . .        d - +0 robe
rPois   +            (helmet restricted)
rElec   +            j - +0 cloak
rCorr   +            (gloves unavailable)
SInv    .            (boots unavailable)
Will    .....        (no amulet)
Stlth   ++           (no ring)
HPRegen 0.31/turn    (no ring)
MPRegen 0.10/turn

%: no passive effects
@: brilliant, lethally poisoned (-1 -> -2), resistant, attractive
A: large, unfitting armour, tough skin 1, no hexes magic, no poison magic, no
translocations magic, inexperienced 1, clumsy 1
a: Renounce Religion


You were on level 5 of the Dungeon.
You worshipped Ru.
Ru was pleased with you.
You visited 1 branch of the dungeon, and saw 5 of its levels.

You collected 203 gold pieces.

Inventory:

Hand Weapons
 a - a +0 dire flail
 b - a +0 arbalest
 e - a +0 halberd
 f - a +2 flail of protection
 k - a +0 sling
 l - a +4 spear (weapon)
 s - a +2 rapier of protection
Missiles
 h - 44 stones (quivered)
Armour
 d - a +0 robe (worn)
 j - a +0 cloak (worn)
Magical Staves
 g - a staff of earth
Wands
 n - a wand of mindburst (9)
Scrolls
 m - 2 scrolls of vulnerability
 t - a scroll of revelation
 u - a scroll of immolation
Potions
 c - 3 potions of curing
 i - a potion of cancellation
 o - a potion of magic
 p - 4 potions of mutation
 q - a potion of enlightenment {unknown}
 r - a potion of berserk rage {unknown}
 w - a potion of attraction
 x - a potion of lignification {unknown}


   Skills:
 * Level 5.9 Fighting
 + Level 0.3 Maces & Flails
 + Level 3.8 Polearms
 * Level 2.5 Ranged Weapons
 + Level 4.1 Dodging
 + Level 2.1 Stealth
 + Level 1.0 Evocations


You had 5 spell levels left.
You didn't know any spells.
Your spell library contained the following spells:

 Spells                   Type           Power      Damage    Failure   Level
 Ozocubu's Armour         Ice            0%         N/A       75%         3
 Simulacrum               Ice/Necr       0%         N/A       100%        6
 Metabolic Englaciation   Hex/Ice        Unusable   N/A       N/A         5

Dungeon Overview and Level Annotations

Branches:
Dungeon (5/15)             Temple (0/1) D:5

Altars:
Ru
Uskayaw

Shops:
D:2 *

Annotations:
D:4 Dowan, Duvessa, Sigmund


Innate Abilities, Weirdness & Mutations

You are too large for most types of armour.
You have tough skin. (AC +1)
You cannot study or cast Hexes magic.
You cannot study or cast Poison magic.
You cannot study or cast Translocations magic.
You are somewhat inexperienced. (-1 XL)
You are clumsy. (Dex -2)


Message History

The iguana bites you!
You focus your inner power and slow the iguana in retribution!
The adder bites you.
Okay, then.
It was a potion of mutation.
You feel extremely strange.
You feel frail.
You feel clumsy.
You feel robust.
You feel sick. The adder bites you but does no damage. The iguana bites you!
* * * LOW HITPOINT WARNING * * *
It was a potion of attraction.
You feel attractive to monsters.
You feel sick.
You are no longer poisoned.
The adder is stunned by your conviction and fails to attack.
The adder bites you.
* * * LOW HITPOINT WARNING * * *
You are poisoned.
The adder poisons you! The iguana bites you.
* * * LOW HITPOINT WARNING * * *
You focus your inner power and blind the iguana in retribution!
It was a potion of resistance.
You feel protected.
You feel sick. The adder completely misses you.
You hit the adder.
You kill the adder!
You feel sick.
The iguana is no longer moving slowly.
The iguana closely misses you.
You barely miss the phantom.
The phantom is severely damaged.
You feel sick. The phantom hits you.
* * * LOW HITPOINT WARNING * * *
You redirect the iguana's attack!
The iguana misses itself.
You closely miss the phantom.
The phantom is severely damaged.
You feel sick. The phantom barely misses you. The iguana barely misses you.
It was a potion of brilliance.
You feel clever all of a sudden.
You feel sick.
The iguana is no longer blind.
The phantom barely misses you. The iguana bites you.
You die...

#.#...# #.##........
....).## #.##..#..
.......### #.##.##.#
...#.....# #.#.(##.#
#......#§# #.#.....#
#......#§.###
##...#####
#.#.....#...##
#...##
#.##..#...#..# #W#§#
...#..###.§$.# #@#§#
#..#...
###§..##.l.## .....
#.........# ...
...............
...##
####......#####
.#..### ....##..#
###.#....##.#..###.#
..........#..... #.#
.......... ..# .#


You could see a phantom and an iguana.

Vanquished Creatures
  Eustachio (D:4)
  Blork the orc (D:5)
  A scorpion (D:4)
  2 hounds
  A jelly (D:5)
  A sleepcap (D:4)
  An orc wizard (D:3)
  Robin (D:4)
  3 gnolls
  5 adders
  A white imp (D:4)
  A worm (D:3)
  3 dart slugs
  15 orcs
  9 ball pythons
  5 endoplasms
  13 goblins
  5 hobgoblins
  2 jackals (D:3)
  6 quokkas
  6 bats
  6 frilled lizards
  11 kobolds
  8 rats
108 creatures vanquished.

Notes
Turn   | Place    | Note
-------+----------+-------------------------------------------
     0 | D:1      | promet the Ogre Wanderer began the quest for the Orb.
     0 | D:1      | promet set off with the following items: a +3 spear, a +0
                  | cloak, a potion of curing, a +0 robe.
     0 | D:1      | Reached XP level 1. HP: 22/22 MP: 1/1
    93 | D:1      | Reached skill level 3 in Fighting
   120 | D:1      | Found a faded altar of an unknown god.
   142 | D:1      | Reached XP level 2. HP: 31/31 MP: 2/2
   856 | D:1      | Prayed at the altar of an unknown god.
   856 | D:1      | Became a worshipper of Ru the Awakened
   867 | D:1      | Gained mutation: You cannot study or cast Poison magic. [Ru
                  | sacrifice]
   867 | D:1      | Gained mutation: You cannot study or cast Hexes magic. [Ru
                  | sacrifice]
   867 | D:1      | Gained mutation: You cannot study or cast Translocations
                  | magic. [Ru sacrifice]
   867 | D:1      | Reached * piety under Ru
   907 | D:2      | Reached XP level 3. HP: 37/37 MP: 3/3
  1417 | D:2      | Found a hide-covered altar of Uskayaw.
  1916 | D:2      | Found Owkuja's General Store.
  2267 | D:3      | Found a sacrificial altar of Ru.
  2290 | D:3      | Reached skill level 1 in Ranged Weapons
  2290 | D:3      | Reached XP level 4. HP: 35/45 MP: 4/4
  3262 | D:3      | Reached XP level 5. HP: 52/54 MP: 5/5
  3318 | D:3      | Reached skill level 4 in Fighting
  4170 | D:4      | Reached XP level 6. HP: 11/63 MP: 6/6
  4586 | D:4      | Noticed Duvessa
  4586 | D:4      | Noticed Dowan
  4768 | D:4      | Gained mutation: You are somewhat inexperienced. (-1 XL)
                  | [Ru sacrifice]
  4768 | D:4      | Reached XP level 5. HP: 55/55 MP: 5/5
  4768 | D:4      | Reached ** piety under Ru
  4774 | D:4      | Noticed Robin
  4777 | D:4      | Noticed Eustachio
  4793 | D:4      | Killed Robin
  5379 | D:4      | Noticed Sigmund
  5591 | D:4      | Killed Eustachio
  5592 | D:4      | Reached skill level 5 in Fighting
  5592 | D:4      | Reached XP level 6. HP: 36/66 MP: 6/6
  5939 | D:5      | Entered Level 5 of the Dungeon
  6006 | D:5      | Noticed Blork the orc
  6013 | D:5      | Killed Blork the orc
  6171 | D:5      | Found a staircase to the Ecumenical Temple.
  6219 | D:5      | Gained mutation: You are frail. (-10% HP) [potion of
                  | mutation]
  6219 | D:5      | Gained mutation: You are clumsy. (Dex -2) [potion of
                  | mutation]
  6219 | D:5      | Lost mutation: You are frail. (-10% HP) [potion of
                  | mutation]
  6224 | D:5      | HP: 3/67 [poisoned by an adder]
  6225 | D:5      | Slain by an iguana

Illustrated notes

Levels and vault maps discovered:
D:1:      minmay_arrival_three_doors, layout_basic, basic_ecumenical_altar,
          minmay_misc_feat_cross
D:2:      layout_basic, serial_shops, nicolae_shop_gibbet_a_chance, basic_altar
D:3:      layout_basic, mainiacjoe_overflow_small_starburst,
          grunt_ministairs_13, corexii_corridor_pit
D:4:      layout_basic, uniq_robin, uniq_eustachio, uniq_duvessa, uniq_sigmund
D:5:      layout_rooms, temple_statues, nrook_mini_vaults, uniq_blork_the_orc

Skill      XL: |  1  2  3  4  5  6 |
---------------+-------------------+-----
Fighting       | 3 5 |  5.9
Dodging        | 3 4 |  4.1
Ranged Weapons | 1 2 |  2.5
Polearms       | 3 |  3.8
Stealth        | 2 |  2.1
Maces & Flails | |  0.3
Evocations     | |  1.0

Action                     |  1- 3 |  4- 6 || total
---------------------------+-------+-------++-------
  Melee: Spear             |    88 |   184 ||   272
         Flail             |       |    34 ||    34
         Punch             |       |     5 ||     5
         Dire flail        |       |     3 ||     3
   Fire: Sling             |    53 |       ||    53
         Arbalest          |     5 |    25 ||    30
  Throw: Stone             |     3 |       ||     3
 Invoke: Sacrifice Arcana  |     1 |       ||     1
         Sacrifice Experie |       |     1 ||     1
  Evoke: Wand              |       |     7 ||     7
    Use: Scroll            |     5 |     5 ||    10
         Potion            |       |     6 ||     6
   Stab: Sleeping          |     3 |     5 ||     8
         Distracted        |       |     2 ||     2
 Armour: Robe              |    67 |   188 ||   255
  Dodge: Dodged            |    67 |   132 ||   199

Table legend: (Time is in decaauts)
 A = Elapsed time spent in this place.
 B = Non-inter-level travel time spent in this place.
 C = Inter-level travel time spent in this place.
 D = Time resting spent in this place.
 E = Time spent auto-exploring this place.
 F = Levels seen in this place.
 G = Mean time per level.
                   A        B        C        D        E       F      G
               +--------+--------+--------+--------+--------+-----+--------+
         Total |   6261 |   6123 |    138 |   2620 |    788 |   5 | 1252.2 |
       Dungeon |   6261 |   6123 |    138 |   2620 |    788 |   5 | 1252.2 |
               +--------+--------+--------+--------+--------+-----+--------+

Top non-repeatable levels by time:
     D:3: 2096 daAuts
     D:4: 1443 daAuts
     D:2: 1353 daAuts
     D:1: 1078 daAuts
     D:5: 290 daAuts
